 Dungeon Crawl Stone Soup version 0.26-a0-154-g3d63440f56 (webtiles) character file.

Game seed: 8329906727712615111

157214 RedPan the Thaumaturge (level 17, -8/133 HPs)
             Began as a Gnoll Wanderer on July 2, 2020.
             Was the Champion of Cheibriados.
             Mangled by a shambling mangrove (20 damage)
             ... on level 4 of the Swamp.
             The game lasted 00:51:20 (27296 turns).

RedPan the Thaumaturge (Gnoll Wanderer)            Turns: 27296, Time: 00:51:21

Health: -8/133     AC: 26    Str: 37    XL:     17   Next: 39%
Magic:  33/33      EV: 20    Int: 32    God:    Cheibriados [******]
Gold:   2495       SH: 17    Dex: 30    Spells: 35/40 levels left

rFire    + . .     SeeInvis .   u - +8 broad axe (flame)
rCold    + . .     Faith    .   J - +1 kite shield
rNeg     . . .     Spirit   .   D - +0 plate armour
rPois    .         Reflect  .   d - +2 helmet {Int+3}
rElec    +         Harm     .   G - +1 cloak of Starlight {rElec rC+ EV+4 Stlth--}
rCorr    .                      h - +2 pair of gloves
MR       ++...                  U - +0 pair of boots
Stlth    ..........             x - amulet of regeneration
HPRegen  0.72/turn              e - ring of protection from fire
MPRegen  0.23/turn              k - ring of protection from magic

@: grasped by roots, constricted, very slow
A: distributed training, fangs 1, strong nose
}: 1/15 runes: decaying
a: Bend Time, Temporal Distortion, Slouch, Step From Time, Renounce Religion


You were on level 4 of the Swamp.
You worshipped Cheibriados.
Cheibriados was exalted by your worship.
You were not hungry.

You visited 5 branches of the dungeon, and saw 28 of its levels.

You collected 3079 gold pieces.
You spent 584 gold pieces at shops.

Inventory:

Hand Weapons
 s - a +3 falchion of flaming
 u - a +8 broad axe of flaming (weapon)
 O - a +2 eveningstar of draining
Armour
 d - a +2 helmet of intelligence (worn)
 h - a +2 pair of gloves (worn)
 D - a +0 plate armour (worn)
 G - the +1 cloak of Starlight (worn) {rElec rC+ EV+4 Stlth--}
   (You found it on level 6 of the Dungeon)

   It affects your evasion (+4).
   It protects you from cold.
   It insulates you from electricity.
   It makes you much less stealthy.
 J - a +1 kite shield (worn)
 U - a +0 pair of boots (worn)
Jewellery
 e - a ring of protection from fire (left hand)
 j - an uncursed ring of wizardry
 k - a ring of protection from magic (right hand)
 q - an uncursed ring of resist corrosion
 x - an amulet of regeneration (around neck)
 K - an uncursed ring of ice
 P - an uncursed ring of protection from fire
Wands
 b - a wand of polymorph (12)
 t - a wand of iceblast (25)
 w - a wand of digging (5)
 C - a wand of flame (47)
 H - a wand of acid (28)
 N - a wand of clouds (3)
 T - a wand of disintegration (17)
Scrolls
 a - 17 scrolls of identify
 g - 3 scrolls of brand weapon
 i - a scroll of silence
 m - 17 scrolls of remove curse
 o - 2 scrolls of fog
 p - 6 scrolls of magic mapping
 r - 3 scrolls of blinking
 v - 13 scrolls of teleportation
 y - a scroll of fear
 z - 2 scrolls of amnesia
 L - 4 scrolls of enchant armour
 R - a scroll of enchant weapon
Potions
 c - 3 potions of curing
 l - 5 potions of stabbing
 n - a potion of cancellation
 A - a potion of ambrosia
 B - 2 potions of flight
 E - 2 potions of brilliance
 F - 2 potions of mutation
 I - 2 potions of magic
 M - a potion of might
 S - 2 potions of heal wounds
Miscellaneous
 Q - a lightning rod (4/4)
Comestibles
 f - 61 rations
 V - 5 chunks of flesh


   Skills:
 + Level 12.1 Fighting
 + Level 11.3 Short Blades
 + Level 12.1 Long Blades
 + Level 11.3 Axes
 + Level 11.3 Maces & Flails
 + Level 11.3 Polearms
 + Level 11.3 Staves
 + Level 11.3 Slings
 + Level 11.3 Bows
 + Level 11.3 Crossbows
 + Level 11.3 Throwing
 + Level 11.3 Armour
 + Level 11.6 Dodging
 + Level 11.3 Stealth
 + Level 11.3 Shields
 + Level 11.3 Unarmed Combat
 + Level 12.2 Spellcasting
 + Level 9.9 Conjurations
 + Level 9.6 Hexes
 + Level 9.6 Charms
 + Level 9.6 Summonings
 + Level 9.6 Necromancy
 + Level 9.6 Translocations
 + Level 9.6 Transmutations
 + Level 9.6 Fire Magic
 + Level 9.6 Ice Magic
 + Level 9.6 Air Magic
 + Level 9.6 Earth Magic
 + Level 9.6 Poison Magic
 + Level 12.2 Invocations
 + Level 12.1 Evocations


You had 35 spell levels left.
You knew the following spells:

 Your Spells              Type           Power        Failure   Level  Hunger
a - Metabolic Englaciati  Hex/Ice        ######....   10%         5    #......

Your spell library contained the following spells:

 Spells                   Type           Power        Failure   Level  Hunger
 Corona                   Hex            ######.      1%          1    None
 Infusion                 Chrm           ####         1%          1    None
 Magic Dart               Conj           ####         1%          1    None
 Ensorcelled Hibernation  Hex/Ice        ######       1%          2    None
 Searing Ray              Conj           ######       1%          2    None
 Shroud of Golubria       Chrm/Tloc      ######       1%          2    None
 Slow                     Hex            ######..     1%          2    None
 Song of Slaying          Chrm           ######..     1%          2    None
 Dazzling Flash           Conj/Hex       ######       1%          3    None
 Inner Flame              Hex/Fire       ######..     1%          3    None
 Ozocubu's Armour         Chrm/Ice       ######..     1%          3    None
 Portal Projectile        Hex/Tloc       ######       1%          3    None
 Spectral Weapon          Hex/Chrm       ######..     1%          3    None
 Cause Fear               Hex            ######....   3%          4    None
 Fulminant Prism          Conj/Hex       ######....   3%          4    None
 Ice Form                 Ice/Tmut       ######..     3%          4    None
 Iskenderun's Mystic Bla  Conj/Tloc      ######..     3%          4    None
 Leda's Liquefaction      Hex/Erth       ######....   3%          4    None
 Freezing Cloud           Conj/Ice/Air   ######....   47%         6    ####...
 Ozocubu's Refrigeration  Ice            ######....   50%         6    ####...
 Simulacrum               Ice/Necr       ######....   50%         6    ####...


Dungeon Overview and Level Annotations

Branches:
Dungeon (15/15)            Temple (1/1) D:4            Lair (6/6) D:10
  Swamp (4/4) Lair:2        Snake (0/4) Lair:2        Slime (0/5) Lair:5
    Orc (2/2) D:11            Elf (0/3) Orc:2        Vaults (0/5) D:13
 Depths (0/5) D:15

Altars:
Ashenzari
Cheibriados
Dithmenos
Elyvilon
Fedhas
Gozag
Hepliaklqana
Kikubaaqudgha
Makhleb
Nemelex Xobeh
Okawaru
Qazlal
Ru
Sif Muna
Trog
Uskayaw
Vehumet
Wu Jian
Xom
Yredelemnul
Zin
The Shining One
Beogh
Jiyva

Shops:
D:4 %   D:6 }!   Orc:1 }   Orc:2 !![:

Annotations:
D:12 3 runed translucent doors, Qoczuat's ghost, journeyman MiFi
D:14 exclusion: obsidian statue
Lair:1 2 runed translucent doors, ohados's ghost, journeyman OpWz
Lair:5 1 runed translucent door


Innate Abilities, Weirdness & Mutations

Your experience applies equally to all skills.
You have very sharp teeth.
Your uncanny sense of smell can sniff out nearby items.


Message History

Roots burst forth from the earth!
The grasping roots grab you! The grasping roots constrict you.
Unknown command.
Your unstable footing causes you to fumble your attack.
The briar patch crumbles away.
The shambling mangrove misses you.
* * * LOW HITPOINT WARNING * * *
The grasping roots constrict you!
Unknown command.
Your unstable footing causes you to fumble your attack.
You block the shambling mangrove's attack.
* * * LOW HITPOINT WARNING * * *
The grasping roots constrict you!
Unknown command.
You slash the shambling mangrove! You burn the shambling mangrove.
You bite the shambling mangrove.
The shambling mangrove is heavily damaged.
The briar patch crumbles away.
You block the shambling mangrove's attack.
You die...

♣♣♣♣♣ ♣♣♣♣♣♣♣♣♣
♣♣♣♣♣♣♣♣.....
≈≈..≈♣≈≈♣♣♣♣≈≈♣♣P≈≈≈≈≈≈≈
≈≈.≈...≈.♣PP§≈.≈...≈≈≈≈≈
≈♣♣.≈.≈≈≈.PP≈≈..@...≈≈≈≈
♣♣≈.}.≈..≈PP≈≈.♣.f≈≈♣≈.≈
.≈♣..≈≈≈..PP..♣§PP≈<.≈♣
≈.≈≈≈≈≈≈.♣P.≈.♣≈....≈.≈§
..♣♣♣≈..♣♣♣.≈.≈≈.P.....≈
.♣♣♣♣♣.≈♣ ♣.≈≈..§.≈≈≈≈≈≈
≈♣≈≈♣♣♣♣♣ .≈≈≈.≈≈≈≈≈≈≈≈≈
≈≈≈≈♣♣♣♣ ♣≈≈≈≈.≈≈≈≈≈≈≈≈≈
......≈♣♣♣♣≈...≈...≈≈≈


You could see a shambling mangrove.

Vanquished Creatures
  Nikola (Swamp:1)
  Jorgrun (Orc:1)
  3 thorn hunters
  Frances (D:14)
  2 very ugly things (Swamp:4)
  Nessos (Orc:2)
  2 green deaths (Swamp:4)
  2 death oozes (Swamp:4)
  Erolcha (Orc:2)
  Fannar (D:11)
  8 vault guards (D:13)
  A ghost crab (Swamp:4)
  Harold (Orc:1)
  19 hydras
  A hell beast (Swamp:4)
  A death knight (D:15)
  3 ogre magi
  13 alligators
  9 two-headed ogres
  2 centaur warriors
  2 tengu warriors
  Urug (Orc:2)
  Nergalle (Orc:2)
  A fire crab (shapeshifter) (D:13)
  A skeletal warrior (D:15)
  2 unseen horrors
  4 swamp dragons
  A wizard (D:15)
  3 orc knights (Orc:2)
  A wolf spider zombie (D:14)
  2 deep elf magi (D:15)
  11 orc sorcerers
  A wolf spider (Lair:6)
  3 cyclopes
  7 ugly things
  A manticore (D:15)
  2 guardian serpents
  6 black mambas
  5 elephants (Lair:6)
  An orange demon (Swamp:4)
  2 kobold demonologists (D:15)
  A gargoyle (D:9)
  Maggie (Lair:2)
  24 spiny frogs
  2 rime drakes
  6 komodo dragons
  A queen bee (D:11)
  5 tyrant leeches
  5 trolls
  7 hornets
  3 polar bears
  22 blink frogs
  A hornet (shapeshifter) (D:15)
  9 hippogriffs
  11 bog bodies
  17 slime creatures (Swamp:4)
  4 shadows
  2 spriggans (Swamp:1)
  4 redbacks (Lair:6)
  5 wraiths
  3 large abominations (Swamp:4)
  11 wyverns
  A human (D:7)
  43 yaks
  4 hogs (D:7)
  2 hungry ghosts
  A basilisk (Lair:1)
  A steam dragon (D:10)
  15 vampire mosquitoes
  Menkaure (D:6)
  12 swamp worms
  3 wargs
  8 insubstantial wisps
  19 water moccasins
  7 swamp drakes
  6 porcupines
  Duvessa (D:7)
  3 ice beasts
  25 orc warriors
  An eye of draining (D:13)
  6 sky beasts
  5 black bears
  2 phantoms
  2 necrophages
  10 wolves
  14 centaurs
  25 ogres
  15 crocodiles
  8 big kobolds
  Blork the orc (D:5)
  A gnoll sergeant (D:9)
  24 bullfrogs
  2 small abominations (Swamp:4)
  A wyvern skeleton (D:6)
  4 scorpions
  Dowan (D:7)
  29 killer bees
  3 howler monkeys (D:9)
  13 wights
  An electric eel (Lair:1)
  4 crimson imps
  3 centaur zombies
  2 bullfrog zombies (D:7)
  A quasit (D:8)
  11 hounds
  6 jellies
  24 orc priests
  47 orc wizards
  3 centaur skeletons
  Natasha (D:3)
  8 bullfrog skeletons
  5 iguanas
  9 worker ants
  A killer bee zombie (D:7)
  A hound zombie (D:6)
  3 hound skeletons
  4 gnolls (D:9)
  9 adders
  2 shadow imps
  2 oozes
  An adder zombie (D:6)
  2 adder skeletons
  3 worms
  5 dart slugs
  15 leopard geckos
  101 orcs
  3 ball pythons
  5 giant cockroaches
  7 goblins
  6 hobgoblins
  3 jackals (D:8)
  25 kobolds
  9 quokkas
  6 bats
  13 frilled lizards
  A giant cockroach zombie (D:5)
  2 leopard gecko skeletons
  A leopard gecko zombie (D:8)
  10 rats
  10 briar patches
  A butterfly (Lair:4)
  5 fungi
  7 plants (Lair:6)
982 creatures vanquished.

Vanquished Creatures (collateral kills)
  A black mamba (Lair:6)
  A spiny frog (Lair:6)
  A wyvern (Lair:6)
  A crocodile (Lair:6)
4 creatures vanquished.

Vanquished Creatures (others)
  A swamp dragon (Swamp:4)
  A yak (D:13)
  2 vampire mosquitoes (Swamp:3)
  An orc wizard (D:3)
  11 fungi
  16 plants
32 creatures vanquished.

Grand Total: 1018 creatures vanquished

Notes
Turn   | Place    | Note
-------+----------+-------------------------------------------
     0 | D:1      | RedPan the Gnoll Wanderer began the quest for the Orb.
     0 | D:1      | RedPan set off with the following items: a +2 falchion, a
                  | potion of curing, a +0 robe, a ration; and the following
                  | spells available to memorise: Ensorcelled Hibernation, Slow
     0 | D:1      | Reached XP level 1. HP: 20/20 MP: 6/6
    66 | D:1      | Reached XP level 2. HP: 25/26 MP: 7/7
   428 | D:1      | Reached XP level 3. HP: 29/31 MP: 9/9
   429 | D:1      | Reached skill level 5 in Spellcasting
   953 | D:2      | Reached skill level 1 in Invocations
  1037 | D:2      | Reached skill level 1 in Short Blades
  1037 | D:2      | Reached skill level 1 in Axes
  1037 | D:2      | Reached skill level 1 in Maces & Flails
  1037 | D:2      | Reached skill level 1 in Polearms
  1037 | D:2      | Reached skill level 1 in Staves
  1037 | D:2      | Reached skill level 1 in Slings
  1037 | D:2      | Reached skill level 1 in Bows
  1037 | D:2      | Reached skill level 1 in Crossbows
  1037 | D:2      | Reached skill level 1 in Throwing
  1037 | D:2      | Reached skill level 1 in Armour
  1037 | D:2      | Reached skill level 1 in Stealth
  1037 | D:2      | Reached skill level 1 in Shields
  1037 | D:2      | Reached skill level 1 in Unarmed Combat
  1083 | D:2      | Reached XP level 4. HP: 38/38 MP: 11/11
  1239 | D:2      | Reached skill level 1 in Hexes
  1239 | D:2      | Reached skill level 1 in Charms
  1239 | D:2      | Reached skill level 1 in Summonings
  1239 | D:2      | Reached skill level 1 in Necromancy
  1239 | D:2      | Reached skill level 1 in Translocations
  1239 | D:2      | Reached skill level 1 in Transmutations
  1239 | D:2      | Reached skill level 1 in Fire Magic
  1239 | D:2      | Reached skill level 1 in Ice Magic
  1239 | D:2      | Reached skill level 1 in Air Magic
  1239 | D:2      | Reached skill level 1 in Earth Magic
  1239 | D:2      | Reached skill level 1 in Poison Magic
  1708 | D:2      | Noticed a bullfrog
  1717 | D:2      | Killed a bullfrog
  1717 | D:2      | Reached XP level 5. HP: 38/43 MP: 12/12
  2245 | D:3      | Found a stormy altar of Qazlal.
  2246 | D:3      | Found an opulent altar of Gozag.
  2246 | D:3      | Found a glowing silver altar of Zin.
  2251 | D:3      | Reached XP level 6. HP: 45/50 MP: 13/13
  2448 | D:3      | Reached skill level 5 in Fighting
  2448 | D:3      | Reached skill level 5 in Long Blades
  2448 | D:3      | Reached skill level 5 in Evocations
  3033 | D:3      | Noticed Natasha
  3043 | D:3      | Killed Natasha
  3661 | D:4      | Found a staircase to the Ecumenical Temple.
  3681 | Temple   | Entered the Ecumenical Temple
  3909 | Temple   | Became a worshipper of Cheibriados the Contemplative
  4027 | D:4      | Reached XP level 7. HP: 49/56 MP: 15/15
  4307 | D:4      | Found Ahezegoe's Food Shoppe.
  4942 | D:5      | Entered Level 5 of the Dungeon
  5051 | D:5      | Reached XP level 8. HP: 60/63 MP: 16/16
  5359 | D:5      | Reached * piety under Cheibriados
  5549 | D:5      | Noticed Blork the orc
  5574 | D:5      | Killed Blork the orc
  6193 | D:6      | Found a basalt altar of Yredelemnul.
  6193 | D:6      | Found the +1 cloak of Starlight {rElec rC+ EV+4 Stlth--}
  6193 | D:6      | Noticed Menkaure
  6195 | D:6      | Found an ancient bone altar of Kikubaaqudgha.
  6215 | D:6      | Noticed a wraith
  6218 | D:6      | Found a transporter.
  6276 | D:6      | Found Onuconea's Distillery.
  6290 | D:6      | Found a transporter.
  6308 | D:6      | Reached XP level 9. HP: 40/69 MP: 18/18
  6694 | D:6      | Found a shimmering blue altar of Sif Muna.
  6709 | D:6      | Reached ** piety under Cheibriados
  6725 | D:6      | Found Cunuic's Gadget Shop.
  6765 | D:6      | Found a shadowy altar of Dithmenos.
  6916 | D:6      | Reached skill level 5 in Dodging
  6979 | D:6      | Bought a potion of ambrosia for 104 gold pieces
  6979 | D:6      | Bought a potion of brilliance for 52 gold pieces
  6979 | D:6      | Bought a potion of mutation for 104 gold pieces
  7081 | D:6      | Killed Menkaure
  7210 | D:6      | Identified a scroll of acquirement
  7254 | D:7      | Reached skill level 5 in Invocations
  7339 | D:7      | Reached *** piety under Cheibriados
  7391 | D:7      | Reached XP level 10. HP: 68/77 MP: 20/20
  7612 | D:7      | Reached skill level 5 in Short Blades
  7612 | D:7      | Reached skill level 5 in Axes
  7612 | D:7      | Reached skill level 5 in Maces & Flails
  7612 | D:7      | Reached skill level 5 in Polearms
  7612 | D:7      | Reached skill level 5 in Staves
  7612 | D:7      | Reached skill level 5 in Slings
  7612 | D:7      | Reached skill level 5 in Bows
  7612 | D:7      | Reached skill level 5 in Crossbows
  7612 | D:7      | Reached skill level 5 in Throwing
  7612 | D:7      | Reached skill level 5 in Armour
  7612 | D:7      | Reached skill level 5 in Stealth
  7612 | D:7      | Reached skill level 5 in Shields
  7612 | D:7      | Reached skill level 5 in Unarmed Combat
  7940 | D:7      | Noticed Duvessa
  7941 | D:7      | Noticed Dowan
  7949 | D:7      | Killed Dowan
  7959 | D:7      | HP: 1/77 [Duvessa/+0 short sword (4)]
  7961 | D:7      | Killed Duvessa
  7972 | D:7      | HP: 3/77 [troll (4)]
  8132 | D:7      | Got a twisted leather armour
  8144 | D:7      | Identified the +0 leather armour "Teozeyg" {Slay+3} (You
                  | found it on level 7 of the Dungeon)
  8339 | D:8      | Reached **** piety under Cheibriados
  8564 | D:8      | Reached skill level 5 in Conjurations
  8580 | D:8      | Noticed a two-headed ogre
  8590 | D:8      | Killed a two-headed ogre
  9185 | D:8      | Reached ***** piety under Cheibriados
  9327 | D:9      | Reached XP level 11. HP: 84/84 MP: 16/22
  9489 | D:9      | Found a white marble altar of Elyvilon.
 10058 | D:10     | Entered Level 10 of the Dungeon
 10195 | D:10     | Reached skill level 5 in Hexes
 10195 | D:10     | Reached skill level 5 in Charms
 10195 | D:10     | Reached skill level 5 in Summonings
 10195 | D:10     | Reached skill level 5 in Necromancy
 10195 | D:10     | Reached skill level 5 in Translocations
 10195 | D:10     | Reached skill level 5 in Transmutations
 10195 | D:10     | Reached skill level 5 in Fire Magic
 10195 | D:10     | Reached skill level 5 in Ice Magic
 10195 | D:10     | Reached skill level 5 in Air Magic
 10195 | D:10     | Reached skill level 5 in Earth Magic
 10195 | D:10     | Reached skill level 5 in Poison Magic
 10279 | D:10     | Found a radiant altar of Vehumet.
 10346 | D:10     | Found a staircase to the Lair.
 10392 | D:10     | Killed an unseen horror
 10583 | D:10     | Reached ****** piety under Cheibriados
 11139 | Lair:1   | Entered Level 1 of the Lair of Beasts
 11508 | Lair:1   | Reached XP level 12. HP: 64/93 MP: 24/24
 11841 | Lair:1   | Found a large runed translucent door.
 11842 | Lair:1   | Found a large runed translucent door.
 11845 | Lair:1   | Noticed ohados's ghost (journeyman OpWz)
 12122 | Lair:1   | Noticed a seven-headed hydra
 12131 | Lair:1   | Killed a one-headed hydra
 12698 | Lair:2   | Found a staircase to the Snake Pit.
 12904 | Lair:2   | Found a staircase to the Swamp.
 12926 | Lair:2   | Noticed Maggie
 12933 | Lair:2   | Killed Maggie
 14160 | Lair:4   | Noticed an eight-headed hydra
 14265 | Lair:4   | Killed a two-headed hydra
 14286 | Lair:4   | Reached XP level 13. HP: 101/101 MP: 26/26
 15301 | Lair:5   | Found a runed translucent door.
 15305 | Lair:5   | Found a viscous altar of Jiyva.
 15305 | Lair:5   | Found a staircase to the Slime Pits.
 15700 | Lair:6   | Entered Level 6 of the Lair of Beasts
 16411 | Lair:6   | Reached skill level 10 in Spellcasting
 16449 | Lair:6   | Reached XP level 14. HP: 106/109 MP: 28/28
 17053 | D:11     | Found a staircase to the Orcish Mines.
 17093 | D:11     | Reached skill level 10 in Fighting
 17093 | D:11     | Reached skill level 10 in Long Blades
 17093 | D:11     | Reached skill level 10 in Evocations
 17224 | D:11     | Noticed Fannar
 17233 | D:11     | Killed Fannar
 17341 | D:11     | Got a scintillating lapis lazuli ring
 17644 | D:11     | Identified the ring of Igofeto {+Blink rPois rF+ MR-} (You
                  | found it on level 11 of the Dungeon)
 17691 | D:12     | Found a runed translucent gate.
 17691 | D:12     | Found a runed translucent gate.
 17691 | D:12     | Found a runed translucent gate.
 18267 | D:12     | Noticed Qoczuat's ghost (journeyman MiFi)
 18370 | D:13     | Reached skill level 10 in Invocations
 18782 | D:13     | Found a gate to the Vaults.
 19271 | D:14     | Found the +5 robe of Night {Dark MR+ SInv}
 19329 | D:14     | Reached XP level 15. HP: 109/117 MP: 29/29
 19671 | D:14     | Noticed Frances
 19688 | D:14     | Killed Frances
 19688 | D:14     | Reached skill level 10 in Dodging
 19984 | D:15     | Entered Level 15 of the Dungeon
 20315 | D:15     | Found a stormy altar of Qazlal.
 20458 | D:15     | Found a staircase to the Depths.
 20874 | Orc:1    | Entered Level 1 of the Orcish Mines
 20894 | Orc:1    | Paralysed by an orc sorcerer for 2 turns
 20968 | Orc:1    | Noticed Harold
 20979 | Orc:1    | Killed Harold
 20979 | Orc:1    | Reached skill level 10 in Short Blades
 20979 | Orc:1    | Reached skill level 10 in Axes
 20979 | Orc:1    | Reached skill level 10 in Maces & Flails
 20979 | Orc:1    | Reached skill level 10 in Polearms
 20979 | Orc:1    | Reached skill level 10 in Staves
 20979 | Orc:1    | Reached skill level 10 in Slings
 20979 | Orc:1    | Reached skill level 10 in Bows
 20979 | Orc:1    | Reached skill level 10 in Crossbows
 20979 | Orc:1    | Reached skill level 10 in Throwing
 20979 | Orc:1    | Reached skill level 10 in Armour
 20979 | Orc:1    | Reached skill level 10 in Stealth
 20979 | Orc:1    | Reached skill level 10 in Shields
 20979 | Orc:1    | Reached skill level 10 in Unarmed Combat
 21177 | Orc:2    | Entered Level 2 of the Orcish Mines
 21455 | Orc:2    | Noticed Urug
 21465 | Orc:2    | Killed Urug
 21507 | Orc:1    | Found Piargh's Gadget Shoppe.
 21561 | Orc:1    | Noticed Jorgrun
 21580 | Orc:1    | Killed Jorgrun
 21920 | Orc:2    | Found a staircase to the Elven Halls.
 22275 | Orc:2    | Found Dilluu's Book Shop.
 22318 | Orc:2    | Found an ancient bone altar of Kikubaaqudgha.
 22319 | Orc:2    | Noticed Nergalle
 22329 | Orc:2    | Killed Nergalle
 22359 | Orc:2    | Found Zorass's Distillery.
 22363 | Orc:2    | Noticed Erolcha
 22369 | Orc:2    | Killed Erolcha
 22421 | Orc:2    | Found a radiant altar of Vehumet.
 22434 | Orc:2    | Noticed Nessos
 22435 | Orc:2    | Found a roughly hewn altar of Beogh.
 22435 | Orc:2    | Found Ethreulub's Distillery.
 22441 | Orc:2    | Killed Nessos
 22442 | Orc:2    | Reached XP level 16. HP: 94/125 MP: 25/31
 22521 | Orc:2    | Found Yhocvyah's Antique Armour Boutique.
 22532 | Orc:2    | Bought a potion of heal wounds for 55 gold pieces
 22532 | Orc:2    | Bought a potion of heal wounds for 55 gold pieces
 22532 | Orc:2    | Bought a potion of curing for 33 gold pieces
 22532 | Orc:2    | Bought a potion of heal wounds for 55 gold pieces
 22556 | Orc:2    | Bought a pair of boots for 126 gold pieces
 22919 | Swamp:1  | Entered Level 1 of the Swamp
 23074 | Swamp:1  | Noticed Nikola
 23086 | Swamp:1  | Killed Nikola
 23174 | Swamp:1  | Noticed a thorn hunter
 23191 | Swamp:1  | Killed a thorn hunter
 23631 | Swamp:1  | Learned a level 5 spell: Metabolic Englaciation
 25284 | Swamp:3  | Noticed a thorn hunter
 25293 | Swamp:3  | Killed a thorn hunter
 26009 | Swamp:4  | Entered Level 4 of the Swamp
 26291 | Swamp:4  | Reached XP level 17. HP: 76/133 MP: 33/33
 26309 | Swamp:4  | HP: 4/133 [swamp dragon] (3)]
 27023 | Swamp:4  | Got a decaying rune of Zot
 27296 | Swamp:4  | Mangled by a shambling mangrove

Illustrated notes

Levels and vault maps discovered:
D:1:      saegor_arrival_simple_a, layout_rooms, minmay_strange_pillars
D:2:      layout_basic
D:3:      layout_loops_corners, gammafunk_temple_overflow_forgotten,
          uniq_natasha
D:4:      layout_basic, minmay_temple_entry_statues_fountains, serial_shops,
          shop_fountains, first_ration
D:5:      layout_basic, uniq_blork_the_orc
D:6:      layout_rooms, gammafunk_temple_of_torment, kennysheep_little_box,
          serial_shops, shop_statue, shop, nicolae_dithmenos_shadow_blocks
D:7:      layout_gridville, grunt_livestock, fountainhead,
          minmay_misc_feat_room, grunt_ministairs_2, uniq_duvessa
D:8:      layout_basic, chequers_serial_rivers_micro_a
D:9:      layout_roguey, elyvilon_altar_5, minmay_lizard_king
D:10:     layout_small_grid, david_lair_shrubbed, basic_altar
D:11:     layout_roguey [special_room_bee], orc_0_dummy, uniq_fannar
D:12:     layout_long_grid, gammafunk_ghost_necromancy
D:13:     layout_cross, erik_vaults_2
D:14:     layout_rooms, abandoned_shop, minmay_misc_feat_tower,
          minmay_protected_statue, uniq_frances
D:15:     grunt_enter_depths_magical_seal, layout_irregular_city,
          serial_bayou_pond_d, grunt_qazlal_clouds
Temple:   regret_index_temple_generic_petals
Lair:1:   layout_layer_cave, ebering_ghost_disaster_area,
          infiniplex_staircase_pool
Lair:2:   layout_hall_layers, swamp_mist, minmay_snake_entry_spellcaster,
          uniq_maggie
Lair:3:   layout_cave_pods, grunt_megastairs_3
Lair:4:   layout_roguey, lemuel_fruit_fields, serial_bayou_shore_a,
          lemuel_fruit_fields
Lair:5:   layout_regular_city, slime_altar_2, lemuel_fruit_tree
Lair:6:   hangedman_lair_tendril_chambers, layout_misc_corridors
Swamp:1:  layout_basic_swamp, evilmike_swamp_ruin_house_6, swamp_pool3,
          uniq_nikola
Swamp:2:  layout_falls_marsh, hangedman_swamp_ruin_wall
Swamp:3:  layout_falls_marsh, nicolae_swamp_little_tower
Swamp:4:  swamp_vile, layout_basic_swamp
Orc:1:    layout_diamond_mine, serial_shops, shop, nicolae_volcano_entry_s_turn,
          uniq_jorgrun, uniq_harold
Orc:2:    kennysheep_orc_mage_school, layout_diamond_mine, uniq_urug,
          uniq_nessos

Skill      XL: |  1  2  3  4  5  6  7  8  9 10 11 12 13 14 15 16 17 |
---------------+----------------------------------------------------+-----
Conjurations   | 2 3 4 5 6 7 8 9 |  9.9
Spellcasting   | 5 6 7 8 9 10 11 12 | 12.2
Invocations    | 1 2 3 4 5 6 7 8 9 10 11 12 | 12.2
Short Blades   | 1 2 3 4 5 6 7 8 9 10 11 | 11.3
Axes           | 1 2 3 4 5 6 7 8 9 10 11 | 11.3
Maces & Flails | 1 2 3 4 5 6 7 8 9 10 11 | 11.3
Polearms       | 1 2 3 4 5 6 7 8 9 10 11 | 11.3
Staves         | 1 2 3 4 5 6 7 8 9 10 11 | 11.3
Slings         | 1 2 3 4 5 6 7 8 9 10 11 | 11.3
Bows           | 1 2 3 4 5 6 7 8 9 10 11 | 11.3
Crossbows      | 1 2 3 4 5 6 7 8 9 10 11 | 11.3
Throwing       | 1 2 3 4 5 6 7 8 9 10 11 | 11.3
Armour         | 1 2 3 4 5 6 7 8 9 10 11 | 11.3
Stealth        | 1 2 3 4 5 6 7 8 9 10 11 | 11.3
Shields        | 1 2 3 4 5 6 7 8 9 10 11 | 11.3
Unarmed Combat | 1 2 3 4 5 6 7 8 9 10 11 | 11.3
Hexes          | 1 2 3 4 5 6 7 8 9 |  9.6
Charms         | 1 2 3 4 5 6 7 8 9 |  9.6
Summonings     | 1 2 3 4 5 6 7 8 9 |  9.6
Necromancy     | 1 2 3 4 5 6 7 8 9 |  9.6
Translocations | 1 2 3 4 5 6 7 8 9 |  9.6
Transmutations | 1 2 3 4 5 6 7 8 9 |  9.6
Fire Magic     | 1 2 3 4 5 6 7 8 9 |  9.6
Ice Magic      | 1 2 3 4 5 6 7 8 9 |  9.6
Air Magic      | 1 2 3 4 5 6 7 8 9 |  9.6
Earth Magic    | 1 2 3 4 5 6 7 8 9 |  9.6
Poison Magic   | 1 2 3 4 5 6 7 8 9 |  9.6
Dodging        | 3 4 5 6 7 8 9 10 11 | 11.6
Fighting       | 5 6 7 8 9 10 11 12 | 12.1
Long Blades    | 5 6 7 8 9 10 11 12 | 12.1
Evocations     | 5 6 7 8 9 10 11 12 | 12.1

Action                   |  1- 3 |  4- 6 |  7- 9 | 10-12 | 13-15 | 16-18 || total
-------------------------+-------+-------+-------+-------+-------+-------++-------
Melee: Falchion          |    78 |   144 |   309 |   741 |       |       ||  1272
       Bite              |     6 |    24 |    66 |   213 |   211 |   138 ||   658
       Punch             |       |     1 |     9 |    11 |       |       ||    21
       Broad axe         |       |       |       |    98 |   978 |   544 ||  1620
 Cast: Metabolic Englaci |       |       |       |       |       |     1 ||     1
Invok: Bend Time         |       |       |     3 |     3 |     5 |     3 ||    14
       Slouch            |       |       |       |     1 |     3 |     2 ||     6
  Use: Scroll            |     7 |     7 |     5 |    10 |    12 |       ||    41
       Potion            |       |       |     3 |     5 |       |     9 ||    17
 Stab: Sleeping          |     5 |     2 |     5 |       |       |       ||    12
  Eat: Chunk             |     1 |     8 |    10 |    14 |    16 |     7 ||    56
       Ration            |       |       |       |       |     1 |     2 ||     3
Armor: Robe              |    12 |     7 |       |       |       |       ||    19
       Ring mail         |       |    20 |    62 |     5 |       |       ||    87
       Plate armour      |       |       |       |   250 |   228 |   243 ||   721
Dodge: Dodged            |    50 |   113 |   272 |   739 |   881 |   530 ||  2585
Block: Kite shield       |       |       |       |   438 |   938 |   578 ||  1954
       Rpst.: Falchion   |    19 |    33 |    88 |   151 |       |       ||   291

Table legend:
 A = Non-vault XP
 B = Vault XP
 C = Vault XP percentage of total XP
 D = Non-vault monster count
 E = Vault monster count
 F = Vault count percentage of total count
                 A         B        C        D         E       F
            +---------+---------+-------+---------+---------+-------
      Total |  136109 |   69912 |  33.9 |     778 |     188 |  19.5
            +---------+---------+-------+---------+---------+-------
        D:1 |      51 |       0 |   0.0 |      27 |       0 |   0.0
        D:2 |     253 |       0 |   0.0 |      33 |       0 |   0.0
        D:3 |     165 |      37 |  18.3 |      22 |       1 |   4.3
        D:4 |     497 |       0 |   0.0 |      15 |       0 |   0.0
        D:5 |     901 |      94 |   9.4 |      23 |       1 |   4.2
        D:6 |    1395 |     628 |  31.0 |      28 |       4 |  12.5
        D:7 |    1414 |    1168 |  45.2 |      32 |       8 |  20.0
        D:8 |    2287 |       0 |   0.0 |      45 |       0 |   0.0
        D:9 |    2390 |     131 |   5.2 |      42 |      13 |  23.6
       D:10 |    3712 |     350 |   8.6 |      40 |       1 |   2.4
       D:11 |    6022 |    2851 |  32.1 |      34 |      27 |  44.3
       D:12 |    2079 |       0 |   0.0 |      10 |       0 |   0.0
       D:13 |    8537 |    7862 |  47.9 |      38 |       8 |  17.4
       D:14 |    3718 |    2306 |  38.3 |      11 |       1 |   8.3
       D:15 |    9778 |    5238 |  34.9 |      36 |       9 |  20.0
     Lair:1 |    5526 |       0 |   0.0 |      26 |       0 |   0.0
     Lair:2 |    1217 |     888 |  42.2 |       8 |       2 |  20.0
     Lair:3 |    5603 |    1474 |  20.8 |      28 |       6 |  17.6
     Lair:4 |    5320 |       0 |   0.0 |      22 |       0 |   0.0
     Lair:5 |    2163 |       0 |   0.0 |      10 |       0 |   0.0
     Lair:6 |   10314 |    9951 |  49.1 |      36 |      38 |  51.4
    Swamp:1 |   14079 |    3896 |  21.7 |      31 |       1 |   3.1
    Swamp:2 |    6837 |       0 |   0.0 |      16 |       0 |   0.0
    Swamp:3 |   15480 |       0 |   0.0 |      35 |       0 |   0.0
    Swamp:4 |   16149 |   19282 |  54.4 |      35 |      30 |  46.2
      Orc:1 |    2610 |    3798 |  59.3 |      25 |       2 |   7.4
      Orc:2 |    7612 |    9958 |  56.7 |      70 |      36 |  34.0
            +---------+---------+-------+---------+---------+-------
